AoeStats
← Shmeck Muad Dib

Arabia

506023972Analyzed
1v1 RM · 19d ago on Sep 12, 2026· 45m 9s· 2 players
Game mode
Random Map
Map size
Tiny (2 player)
Population
200
Speed
Normal
Resources
Standard
Victory
Conquest
Starting age
Dark Age
Ending age
Imperial Age
RankedLock teamsTeams togetherTeam positionsShared explorationLock speedFull tech treeHidden civsTurbo modeCheats
Victory
Defeat
🇳🇮 Berbers · Nicaragua
771
+18
🇨🇦 Italians · Canada
814
-18
The_Noob
6:52 Loom
8:59 Feudal Age
9:51 Double-Bit Axe
9:49 Horse Collar
16:38 Town Watch
17:28 Wheelbarrow
18:00 Gold Mining
18:19 Stone Mining
20:46 Castle Age
19:26 Bloodlines
20:07 Scale Barding Armor
22:50 Bow Saw
22:44 Heavy Plow
25:07 Hand Cart
25:58 Gold Shaft Mining
26:02 Stone Shaft Mining
27:26 Fletching
27:36 Padded Archer Armor
27:51 Forging
27:26 Treadmill Crane
28:45 Ballistics
28:31 Town Patrol
29:17 Murder Holes
29:36 Masonry
31:18 Leather Archer Armor
31:02 Bodkin Arrow
35:50 Imperial Age
33:47 Husbandry
34:04 Leather Archer Armor
35:35 Light Cavalry
37:05 Ring Archer Armor
36:35 Bracer
37:10 Crop Rotation
37:04 Hussar
38:50 Chemistry
37:56 Siege Engineers
38:35 Conscription
39:57 Elite Camel Archer
40:42 Maghrebi Camels
45:45 Scale Barding Armor
46:16 Iron Casting
Shmeck Muad Dib
11:24 Feudal Age
12:50 Loom
12:34 Man-at-Arms
13:59 Double-Bit Axe
15:27 Wheelbarrow
14:37 Horse Collar
20:14 Castle Age
20:08 Fletching
20:21 Padded Archer Armor
20:28 Scale Mail Armor
22:33 Hand Cart
21:58 Crossbowman
24:25 Bow Saw
23:45 Pikeman
25:28 Ballistics
25:07 Gold Mining
25:12 Stone Mining
28:56 Squires
31:50 Imperial Age
30:20 Treadmill Crane
30:39 Bodkin Arrow
30:59 Leather Archer Armor
32:04 Long Swordsman
34:17 Chemistry
33:30 Masonry
33:27 Heavy Plow
33:30 Two-Handed Swordsman
34:22 Champion
36:38 Pirotechnia
36:50 Conscription
37:34 Thumb Ring
38:50 Ring Archer Armor
38:20 Bracer
38:36 Chain Mail Armor
38:32 Forging
39:36 Hoardings
39:43 Architecture
39:10 Murder Holes
41:38 Two-Man Saw
41:12 Crop Rotation
40:16 Elite Genoese Crossbowman
42:34 Elite Skirmisher
Connection lost

Rejoining the realm…

Still unreachable

The connection could not be restored.

Session expired

The server has moved on; the page needs a fresh start.